 Dungeon Crawl Stone Soup version 0.21-a0-442-g848f44b (webtiles) character file.

67 slep the Ducker (level 4, -3/35 HPs)
             Began as a Demonspawn Monk on Nov 13, 2017.
             Killed from afar by Natasha (9 damage)
             ... with a magic dart
             ... on level 2 of the Dungeon.
             The game lasted 00:05:31 (905 turns).

slep the Ducker (Demonspawn Monk)                    Turns: 905, Time: 00:05:32

Health: -3/35      AC:  7    Str: 12    XL:     4   Next: 0%
Magic:  4/4        EV: 12    Int: 16    God:
Gold:   31         SH:  0    Dex: 15    Spells: 3/3 levels left

rFire    . . .     SeeInvis .   a - +0 falchion
rCold    . . .     Gourm    .   (no shield)
rNeg     . . .     Faith    .   d - +0 ring mail
rPois    .         Spirit   .   (no helmet)
rElec    .         Reflect  .   j - +0 cloak
rCorr    .         Harm     .   (no gloves)
MR       .....                  k - +0 pair of boots
Stlth    +.........             (no amulet)
HPRegen  0.11/turn              e - +4 ring of intelligence
MPRegen  0.09/turn              (no ring)

@: slowed, very slow
A: claws 1, rot immunity
a: no special abilities


You were on level 2 of the Dungeon.
You were not hungry.

You visited 1 branch of the dungeon, and saw 2 of its levels.

You collected 31 gold pieces.

Inventory:

Hand Weapons
 a - a +0 falchion (weapon)
 m - a +0 blowgun
Missiles
 n - 28 poisoned needles
Armour
 b - a +0 robe
 d - a +0 ring mail (worn)
 j - a +0 cloak (worn)
 k - a +0 pair of boots (worn)
Jewellery
 e - a +4 ring of intelligence (left claw)
Scrolls
 f - a scroll of immolation {unknown}
 h - 2 scrolls of enchant armour {unknown}
 i - a scroll of remove curse {unknown}
 p - a scroll of amnesia {unknown}
Potions
 l - a potion of degeneration {unknown}
 o - a potion of magic {unknown}
Comestibles
 c - 3 bread rations
 g - 3 meat rations
 q - 2 chunks of flesh


   Skills:
 + Level 3.3 Fighting
 + Level 3.4 Long Blades
 + Level 0.6 Armour
 + Level 3.5 Dodging
 + Level 1.8 Stealth


You had 3 spell levels left.
You didn't know any spells.

Dungeon Overview and Level Annotations

Branches:
Dungeon (2/15)

Altars:

Annotations:
D:2 Natasha


Innate Abilities, Weirdness & Mutations

You have sharp fingernails.
You are immune to rotting.


Message History

q - 2 chunks of flesh You now have 31 gold pieces (gained 6).
A bat comes into view.
The bat hits you but does no damage. The bat completely misses you.
You hit the bat.
You kill the bat!
You open the door.
A hobgoblin and Natasha come into view.
Natasha hisses angrily.
The hobgoblin shouts!
You hear a shout!
Found 7 gold pieces.
Natasha stares at you and mumbles some strange words.
You feel yourself slow down.
You slash the hobgoblin!
You kill the hobgoblin!
You have reached level 4!
You feel clever.
Your demonic ancestry asserts itself...
You feel immune to rotting.
Natasha stares at you and mumbles some strange words.
The magic dart hits you!
You die...

######## #
#......# .#
######......###.#
.....'..........#
######...[....#..#
#...####'#### #
#...#.......# .# #
###.#.♣♣.♣♣.# ..#
.
#.#.♣.♣.♣@#...#..
.
#.+..♣♣♣..'h.$...
.
###.♣.♣.♣.#..##..
. #.♣♣.♣♣.#..... .
#.......# .##.. .
####+#### .. . .
.# .+


You could see Natasha.

Vanquished Creatures
  A gnoll (D:1)
  An adder (D:2)
  An ooze (D:1)
  A worm (D:2)
  A dart slug (D:1)
  4 bats
  3 giant cockroaches
  5 goblins
  5 hobgoblins
  5 frilled lizards (D:1)
  7 kobolds
  6 rats
40 creatures vanquished.

Notes
Turn   | Place    | Note
-------+----------+-------------------------------------------
     0 | D:1      | slep the Demonspawn Monk began the quest for the Orb.
     0 | D:1      | Reached XP level 1. HP: 18/18 MP: 1/1
   124 | D:1      | Gained mutation: You have sharp fingernails. [demonic ancestry]
   124 | D:1      | Reached XP level 2. HP: 16/24 MP: 2/2
   389 | D:1      | Reached XP level 3. HP: 18/29 MP: 3/3
   903 | D:2      | Noticed Natasha
   905 | D:2      | Gained mutation: You are immune to rotting. [demonic ancestry]
   905 | D:2      | Reached XP level 4. HP: 6/35 MP: 4/4
   905 | D:2      | Killed from afar by Natasha

Vault maps used:
D:1:      dpeg_arrival_simpleton_b
D:2:      kennysheep_generic_room_9, uniq_natasha, uniq_crazy_yiuf_cottage

Skill      XL: |  1  2 |
---------------+-------+-----
Dodging        | 3 |  3.5
Long Blades    | 3 |  3.4
Fighting       | |  3.3
Armour         | |  0.6
Stealth        | |  1.8

Action                   |  1- 3 |  4- 6 || total
-------------------------+-------+-------++-------
Melee: Falchion          |   134 |       ||   134
 Stab: Sleeping          |     2 |       ||     2
Armor: Ring mail         |    42 |       ||    42
Dodge: Dodged            |    83 |       ||    83
       Rpst.: Falchion   |    30 |       ||    30

Table legend:
 A = Spawn XP
 B = Non-spawn XP
 C = Spawn XP percentage of total XP
 D = Spawn monster count
 E = Non-spawn monster count
 F = Spawn count percentage of total count
 G = Total turns spent on level
                    A         B        C        D         E        F      G
               +---------+---------+-------+---------+---------+-------+---------
         Total |       0 |      97 |   0.0 |       0 |      40 |   0.0 |   905
               +---------+---------+-------+---------+---------+-------+---------
           D:1 |       0 |      68 |   0.0 |       0 |      31 |   0.0 |   768
           D:2 |       0 |      29 |   0.0 |       0 |       9 |   0.0 |   137
               +---------+---------+-------+---------+---------+-------+---------
